 Dungeon Crawl Stone Soup version 0.17.0-28-g6e173f8 (webtiles) character file.

110 Arkorax the Insei (level 4, -5/35 HPs)
             Began as a Draconian Transmuter on Nov 22, 2015.
             Slain by a shadow imp (6 damage)
             ... summoned by Natasha
             ... on level 2 of the Dungeon.
             The game lasted 00:03:31 (1969 turns).

Arkorax the Insei (Draconian Transmuter)            Turns: 1969, Time: 00:03:33

Health: -5/35      AC:  5    Str: 12    XL:     4   Next: 61%
Magic:  7/7        EV: 12    Int: 13    God:
Gold:   93         SH:  0    Dex: 13    Spells: 1 memorised, 6 levels left

rFire  + . .     SeeInvis .       - Unarmed
rCold  + . .     Clarity  .     (armour unavailable)
rNeg   . . .     SustAt   .     (no shield)
rPois  +         Gourm    .     (helmet restricted)
rElec  +         Spirit   .     (no cloak)
rCorr  +         Warding  .     (no gloves)
rMut   .         Stasis   .     (boots currently unavailable)
MR     .....                    (no amulet)
Stlth  +.........               (no ring)
                                (no ring)

@: appendage (expiring), resistant, slowed, very slow, not resistant to hostile
enchantments, very unstealthy
A: unfitting armour, talons 3, cold-blooded, AC +5
a: End Transformation


You were on level 2 of the Dungeon.
You were not hungry.
You had grown temporary talons.
You visited 1 branch of the dungeon, and saw 2 of its levels.

You collected 93 gold pieces.

Inventory:

Missiles
 a - 36 arrows
 d - 5 poisoned javelins (quivered)
Scrolls
 e - a scroll of enchant armour {unknown}
 h - 2 scrolls of remove curse {unknown}
 k - a scroll of noise {unknown}
 l - a scroll of identify {unknown}
Potions
 f - a potion of resistance
 j - a potion of invisibility {unknown}
 m - a potion of curing {unknown}
Books
 b - a book of Changes

   Spells                             Type                      Level
   a - Beastly Appendage              Transmutation                1
   b - Sticks to Snakes               Transmutation                2
   c - Spider Form                    Transmutation/Poison         3
   d - Ice Form                       Ice/Transmutation            4
   e - Blade Hands                    Transmutation                5
Comestibles
 c - a bread ration
 g - a meat ration
 i - a beef jerky


   Skills:
 - Level 1.1 Fighting
 - Level 1.7 Dodging
 + Level 4.2 Unarmed Combat
 - Level 2.0 Spellcasting
 + Level 3.8 Transmutations


You had 6 spell levels left.
You knew the following spells:

 Your Spells              Type           Power        Failure   Level  Hunger
a - Beastly Appendage     Trmt           ##....       8%          1    ##.....


Dungeon Overview and Level Annotations

Branches:
Dungeon (2/15)

Altars:
Vehumet

Annotations:
D:2 Natasha


Innate Abilities, Weirdness & Mutations

Your plain brown scales are hard (AC +5).
Your body does not fit into most forms of armour.
You are cold-blooded and may be slowed by cold attacks.
You have claws for feet.


Message History

You closely miss Natasha. You claw Natasha, but do no damage.
Natasha claws you. The shadow imp hits you.
The crimson imp blinks!
The white imp hits you but does no damage.
Natasha closely misses you. The shadow imp hits you.
* * * LOW HITPOINT WARNING * * *
You hit Natasha.
Natasha is heavily wounded.
The white imp gestures at you. The puff of frost hits you! Natasha claws you.
* * * LOW HITPOINT WARNING * * *
The shadow imp hits you.
* * * LOW HITPOINT WARNING * * *
Drink which item? (? for menu, Esc to quit)
It was a potion of resistance.
You feel protected.
Your transformation is almost over.
The white imp hits you but does no damage.
Natasha claws you.
* * * LOW HITPOINT WARNING * * *
The shadow imp hits you.
You die...

.....# ###.............# .....#
...§§§§§......... .....#
#...§§.........# .....#
#..§§§........). .....# #
#.5....#.....##. .....#
#.#####.#.......##.##. .....#
...............#.... .....#
#..##.........#..#. .....##
##.@h#.........#.##.
#.##(.########.5#5§.........#.###
#..##.##....<..###...............
##.##.##(.....## #...............
#.†#..#.....## #.............<.
##.#........# #.#.......##..).
#.#......#######.....#####..###
#.#......#..........### #.## #
#...........#....†....# #.# #


You could see Natasha, a crimson imp, a white imp and a shadow imp.

Vanquished Creatures
  Natasha (D:2)
  3 gnolls (D:1)
  An adder (D:2)
  3 giant geckos
  10 bats
  A giant cockroach (D:1)
  5 goblins
  4 hobgoblins
  A quokka (D:2)
  4 giant newts
  7 kobolds
  7 rats
47 creatures vanquished.

Notes
Turn   | Place    | Note
--------------------------------------------------------------
     0 | D:1      | Arkorax the Draconian Transmuter began the quest for the Orb.
     0 | D:1      | Reached XP level 1. HP: 16/16 MP: 3/3
   193 | D:1      | Reached XP level 2. HP: 21/23 MP: 5/5
   932 | D:1      | Reached XP level 3. HP: 20/28 MP: 6/6
  1232 | D:2      | Noticed Natasha
  1252 | D:2      | Killed Natasha
  1259 | D:2      | Reached XP level 4. HP: 26/35 MP: 7/7
  1304 | D:1      | Reached skill level 4 in Unarmed Combat
  1757 | D:2      | Found a radiant altar of Vehumet.
  1804 | D:2      | Noticed Natasha
  1969 | D:2      | HP: 1/35 [Natasha (5)]
  1969 | D:2      | Slain by a shadow imp

Action                   |  1- 3 |  4- 6 || total
-------------------------+-------+-------++-------
Melee: Unarmed           |   180 |    49 ||   229
 Cast: Beastly Appendage |     3 |     3 ||     6
  Use: Potion            |       |     1 ||     1
 Stab: Sleeping          |     1 |       ||     1
  Eat: Chunk             |     1 |     1 ||     2
       Beef jerky        |       |     1 ||     1
